[Event "Team 45 45 League T36"]
[Site "Internet Chess Club"]
[Date "2008.02.17"]
[Round "4"]
[White "Loco-Motif"]
[Black "Fezzik"]
[Result "0-1"]
[WhiteElo "2021"]
[BlackElo "2050"]
[Opening "QGD Slav: exchange variation, 6.Bf4 Bf5"]
[ECO "D14"]
[Time "15:23:03"]
[TimeControl "2700+45"]

1. d4 d5 2. c4 c6 3. cxd5 cxd5 4. Nc3 Nf6 5. Bf4 Nc6 6. Nf3 Bf5 7. Qb3 Na5 8.
Qa4+ Bd7 9. Qc2 Rc8 10. Nd2 g6 11. b4 Nc4 12. Nxc4 Rxc4 13. Qb2 Qb6 14. a3 Qxd4
15. Bd2 Ne4 16. e3 Qxd2+ 17. Qxd2 Nxd2 18. Bxc4 Nxc4 19. Nxd5 e6 20. Nf6+ Ke7
21. Nxd7 Kxd7 22. Rd1+ Kc7 23. Rd3 Bg7 24. Ke2 Rd8 25. Rhd1 Rxd3 26. Rxd3 b5 27.
Rb3 Bb2 28. Kd3 Bxa3 29. Kc2 Kc6 30. Rb1 a5 31. bxa5 Nxa5 32. Ra1 b4 33. Kd3 Kb5
34. Kc2 b3+ 35. Kc3 b2 36. Rb1 Nc4 37. h3 Bb4+ 38. Kc2 Na3+ 39. Kxb2 Nxb1 40.
Kxb1 Be1 41. f3 Kc4 42. Kc2 Bb4 43. g3 f6 44. f4 f5 45. g4 Kd5 46. Kd3 Bc5 47.
gxf5 gxf5 {White resigns} 0-1

[Event "Team 45 45 League T36"]
[Site "Internet Chess Club"]
[Date "2008.02.23"]
[Round "4"]
[White "Knight77"]
[Black "Holzschlange"]
[Result "1-0"]
[WhiteElo "1934"]
[BlackElo "1893"]
[Opening "Réti opening"]
[ECO "A04"]
[Time "10:03:13"]
[TimeControl "2700+45"]

1. Nf3 e6 2. g3 d5 3. d3 c5 4. Bg2 Nc6 5. O-O g6 6. Nbd2 Bg7 7. e4 Nge7 8. Re1
b6 9. e5 Qc7 10. Qe2 h6 11. h4 a5 12. Nf1 Nf5 13. c3 Ba6 14. g4 Nfe7 15. Bf4 h5
16. gxh5 Rxh5 17. Ng3 Rh8 18. Qd2 Nf5 19. Nxf5 gxf5 20. d4 c4 21. Bg5 Ne7 22. b3
Kd7 23. Bxe7 Kxe7 24. Qg5+ Kf8 25. Kh1 Bh6 26. Qh5 Ke7 27. Ng5 Bxg5 28. Qxg5+
Kd7 29. Qf6 Raf8 30. Re3 Qd8 31. Qxd8+ Rxd8 32. Rh3 cxb3 33. axb3 Be2 34. b4 Ra8
35. Kg1 a4 36. Ra3 b5 37. f3 Rh6 38. Kf2 Bc4 39. f4 Rah8 40. Kg3 Be2 41. Rh2 Bd3
42. Ra1 Rg8+ 43. Kf2 Rg4 44. h5 Ke7 45. Bf3 Rg8 46. Ke3 Bc4 47. Kf2 Rc8 48. Rh3
f6 49. Rg3 fxe5 50. fxe5 Rh7 51. h6 Rxh6 52. Rg7+ Kf8 53. Rag1 Rh2+ 54. Ke3 Rh8
55. Bh5 a3 56. Rf7+ Ke8 57. Rh7+ Kd8 58. Rxh8+ Kc7 59. Rg7+ {Black resigns} 1-0

[Event "Team 45 45 League T36"]
[Site "Internet Chess Club"]
[Date "2008.02.15"]
[Round "4"]
[White "mitus"]
[Black "kolibandi"]
[Result "0-1"]
[WhiteElo "1888"]
[BlackElo "2070"]
[Opening "Sicilian, Chekhover variation"]
[ECO "B53"]
[Time "14:06:34"]
[TimeControl "2700+45"]

1. e4 c5 2. Nf3 d6 3. d4 cxd4 4. Qxd4 a6 5. Bg5 Nc6 6. Qd2 h6 7. Be3 Nf6 8. Nc3
b5 9. O-O-O Qa5 10. Nd4 Bb7 11. Nb3 Qc7 12. Nd5 Nxd5 13. exd5 Ne5 14. Qa5 Rc8
15. Qxc7 Rxc7 16. Bb6 Rc8 17. Na5 Rb8 18. Bc7 Rc8 19. Bb6 Ba8 20. a4 bxa4 21.
Bxa6 Rb8 22. Ba7 Rb4 23. c3 Rg4 24. g3 e6 25. Bb5+ Ke7 26. f4 Bxd5 27. Rxd5 exd5
28. fxe5 dxe5 29. Be2 Rg6 30. Bb5 f5 31. Nc6+ Ke6 32. Bxa4 Bd6 33. b3 Rc8 34.
Re1 Rg4 35. Kd2 Rxa4 36. Nd4+ Rxd4+ 37. Bxd4 Kf6 38. Be3 d4 39. Bf2 Rxc3 40. Rb1
Bb4 41. Kd1 Ke6 {White resigns} 0-1

[Event "Team 45 45 League T36"]
[Site "Internet Chess Club"]
[Date "2008.02.16"]
[Round "4"]
[White "bobhill"]
[Black "kabindra"]
[Result "1-0"]
[WhiteElo "1955"]
[BlackElo "1758"]
[Opening "Queen's pawn"]
[ECO "A40"]
[Time "10:07:45"]
[TimeControl "2700+45"]

1. d4 e6 2. Nf3 b6 3. Bg5 Be7 4. Bxe7 Qxe7 5. Nbd2 f5 6. c4 Bb7 7. e3 Nf6 8. Be2
d6 9. a4 O-O 10. a5 bxa5 11. O-O h6 12. Nb3 Nc6 13. Nxa5 Nxa5 14. Rxa5 Ne4 15.
Qc2 Qf6 16. Rfa1 a6 17. c5 Ng5 18. c6 Bc8 19. Nxg5 Qxg5 20. b4 Rb8 21. Qb3 Kh8
22. Bxa6 Bxa6 23. Rxa6 f4 24. Ra7 f3 25. g3 Qg4 26. Qd3 Rxb4 27. Rxc7 Rb3 28.
Qf1 e5 29. Rb7 Rc3 30. d5 Qe4 31. Raa7 Rg8 32. c7 Qxd5 33. h4 Kh7 34. Qb1+ e4
35. Ra4 Rc4 36. Rxc4 Qxc4 37. Rb8 Qxc7 38. Qxe4+ Kh8 39. Rxg8+ Kxg8 40. Qxf3 Qc5
41. Qe4 Kf7 42. Kg2 d5 43. Qf4+ Kg6 44. g4 Qc4 45. Qf5# {Black checkmated} 1-0

[Event "Team 45 45 League T36"]
[Site "Internet Chess Club"]
[Date "2008.02.16"]
[Round "4"]
[White "Alphalegacy"]
[Black "Beetlejuice"]
[Result "1/2-1/2"]
[WhiteElo "2135"]
[BlackElo "1973"]
[Opening "Petrov: classical attack"]
[ECO "C42"]
[Time "12:02:32"]
[TimeControl "2700+45"]

1. e4 e5 2. Nf3 Nf6 3. Nxe5 d6 4. Nf3 Nxe4 5. d4 d5 6. Bd3 Nc6 7. c4 Bb4+ 8.
Nbd2 Bf5 9. Qc2 O-O 10. O-O Bxd2 11. Bxd2 Nxd2 12. Qxd2 Bxd3 13. Qxd3 dxc4 14.
Qxc4 Re8 15. Rac1 Rc8 16. Rfe1 Rxe1+ 17. Rxe1 Ne7 18. Qb5 Qd5 19. Qa4 Nc6 20.
Rc1 Rd8 21. h3 h6 22. Rc5 Qe4 23. Qb5 Nxd4 24. Nxd4 Rxd4 25. Rc1 Rb4 26. Qc5
Rxb2 27. Qxa7 Qe2 28. Rf1 Rxa2 29. Qxb7 Qc2 30. Qc8+ Kh7 31. Qd7 c5 32. Qxf7 Rb2
33. Kh2 Rb1 34. Rxb1 Qxb1 35. Qc4 Qf5 36. Kg3 Qe5+ 37. Kf3 Kg6 38. Qe4+ Kf6 39.
Qh4+ Ke6 40. Qe4 Kd6 41. Qg6+ {Game drawn by mutual agreement} 1/2-1/2

[Event "Team 45 45 League T36"]
[Site "Internet Chess Club"]
[Date "2008.02.16"]
[Round "4"]
[White "camembert"]
[Black "QueensCounselor"]
[Result "1-0"]
[WhiteElo "1918"]
[BlackElo "1802"]
[Opening "KGA: Hanstein gambit"]
[ECO "C38"]
[Time "15:01:36"]
[TimeControl "2700+45"]

1. e4 e5 2. f4 exf4 3. Nf3 g5 4. Bc4 Bg7 5. O-O d6 6. d4 h6 7. c3 Nc6 8. h4 Bg4
9. b4 a6 10. Qb3 Bxf3 11. Bxf7+ Kf8 12. Rxf3 Nxd4 13. cxd4 Bxd4+ 14. Kh1 Bxa1
15. g3 Be5 16. Bg6 Qe7 17. gxf4 gxf4 18. Bxf4 Nf6 19. Bxe5 dxe5 20. Nc3 c6 21.
Ne2 Rg8 22. h5 Kg7 23. Ng3 Kh8 24. Nf5 Qd7 25. Nxh6 Rxg6 26. hxg6 Kg7 27. Nf5+
Kf8 28. g7+ Ke8 29. Nd6+ Qxd6 30. Rxf6 Qxf6 31. g8=Q+ Ke7 32. Qh7+ Kf8 33. Qbg8#
{Black checkmated} 1-0

[Event "Team 45 45 League T36"]
[Site "Internet Chess Club"]
[Date "2008.02.16"]
[Round "4"]
[White "burnsja2003"]
[Black "cayo89"]
[Result "0-1"]
[WhiteElo "1732"]
[BlackElo "1836"]
[Opening "Queen's gambit accepted"]
[ECO "D20"]
[Time "18:11:16"]
[TimeControl "2700+45"]

1. d4 d5 2. c4 dxc4 3. Nc3 e5 4. Qa4+ Bd7 5. Qxc4 exd4 6. Nb5 Nc6 7. Bf4 Bb4+ 8.
Kd1 Ba5 9. Nxd4 Nf6 10. e3 Nxd4 11. Qxd4 Bb6 12. Qe5+ Be6+ 13. Kc2 O-O 14. Rd1
Qe7 15. h3 Ne4 16. Nf3 Nxf2 17. Bd3 Qc5+ 18. Qxc5 Bxc5 19. b3 Nxh1 20. Rxh1 Bb6
21. Ng5 h6 22. Ne4 Rfd8 23. Re1 a5 24. Nc3 c6 25. Na4 Ba7 26. Bc7 Rd7 27. Bxa5
Bxe3 28. Rxe3 Rxa5 29. a3 Rd8 30. Kc3 Rg5 31. g4 h5 32. gxh5 Rxh5 33. h4 b5 34.
Nb2 Rxh4 35. Nd1 Rh3 36. Rxh3 Bxh3 37. Ne3 g5 38. Be4 Rd6 39. b4 Kf8 40. Bc2 Ke7
41. a4 bxa4 42. Bxa4 f5 43. Nc4 Re6 44. Kd4 Bg2 45. Ne5 g4 46. Bb3 Bd5 47. Bc2
g3 48. Bxf5 Rxe5 {White resigns} 0-1

[Event "Team 45 45 League T36"]
[Site "Internet Chess Club"]
[Date "2008.02.14"]
[Round "4"]
[White "HKNIGHT"]
[Black "Stav"]
[Result "0-1"]
[WhiteElo "1708"]
[BlackElo "1785"]
[Opening "Queen's pawn game"]
[ECO "A45"]
[Time "16:02:42"]
[TimeControl "2700+45"]

1. d4 Nf6 2. e3 b6 3. f4 Ba6 4. Bd3 Bxd3 5. cxd3 d5 6. Nf3 e6 7. O-O Nbd7 8. Ne5
c5 9. Nc3 cxd4 10. exd4 a6 11. Bd2 Rc8 12. a3 Be7 13. Qa4 Qc7 14. Qxa6 O-O 15.
Qa4 Nxe5 16. fxe5 Ne8 17. Rac1 Qb7 18. Nb5 f6 19. Rxc8 Qxc8 20. Rc1 Qb7 21. Qa7
Qxa7 22. Nxa7 fxe5 23. dxe5 Bc5+ 24. Kh1 Rf2 25. Bc3 Be3 26. Rb1 d4 27. Bb4 Nc7
28. Nc8 Nd5 29. g3 Nxb4 30. axb4 Rd2 31. Rf1 h6 32. Nxb6 Rxd3 33. Nc4 Rb3 34.
Rd1 Rxb4 35. Nxe3 dxe3 36. Re1 Re4 37. Kg2 Rxe5 38. Kf3 Rb5 39. Re2 Rb3 40. h3
Kf7 41. g4 Kf6 42. h4 g6 43. Ke4 Rb4+ 44. Kf3 Rb3 45. Ke4 e5 46. Kd5 Rb4 47. g5+
hxg5 48. hxg5+ Kf5 49. Rxe3 Kf4 50. Re2 Rd4+ 51. Kc5 Rd1 52. b4 e4 53. b5 Kf3
54. Rb2 e3 55. b6 e2 56. Rxe2 Kxe2 57. b7 Rb1 58. Kc6 Kf3 59. Kc7 Kg4 60. b8=Q
Rxb8 61. Kxb8 Kxg5 62. Kc7 Kf4 63. Kd6 g5 64. Kd5 g4 65. Kd4 Kf3 66. Kd3 g3 67.
Kd2 Kf2 {White resigns} 0-1

[Event "Team 45 45 League T36"]
[Site "Internet Chess Club"]
[Date "2008.02.19"]
[Round "4"]
[White "reijo"]
[Black "scottrugby"]
[Result "1-0"]
[WhiteElo "1669"]
[BlackElo "1512"]
[Opening "Nimzo-Indian: classical, Milner-Barry (Zurich) variation"]
[ECO "E33"]
[Time "13:27:36"]
[TimeControl "2700+45"]

1. d4 Nf6 2. c4 e6 3. Nc3 Bb4 4. Qc2 Nc6 5. Nf3 d6 6. a3 Bxc3+ 7. Qxc3 O-O 8.
Bg5 h6 9. Bh4 Qe7 10. d5 Nb8 11. Bxf6 Qxf6 12. Qxf6 gxf6 13. e3 a5 14. Bd3 Na6
15. b4 Bd7 16. Rb1 c5 17. bxa5 Bc8 18. Rb6 Rd8 19. Nd2 Nc7 20. Ne4 Ra6 21. Nxf6+
Kg7 22. Rxa6 bxa6 23. Nh5+ Kg8 24. Ke2 exd5 25. Nf6+ Kg7 26. Nxd5 Nxd5 27. cxd5
Bb7 28. Bc4 Re8 29. Rb1 Ba8 30. Rb6 Re5 31. Rxd6 Bb7 32. Kd3 h5 33. e4 f5 {Black
resigns} 1-0

[Event "Team 45 45 League T36"]
[Site "Internet Chess Club"]
[Date "2008.02.18"]
[Round "4"]
[White "vkpanch"]
[Black "touchthis"]
[Result "0-1"]
[WhiteElo "1599"]
[BlackElo "1786"]
[Opening "French: exchange variation"]
[ECO "C01"]
[Time "21:04:58"]
[TimeControl "2700+45"]

1. e4 e6 2. d4 d5 3. exd5 exd5 4. Bd3 Nc6 5. Nf3 Bg4 6. Be3 Bd6 7. Nbd2 Qd7 8.
c3 O-O-O 9. Qb3 Nge7 10. O-O-O f6 11. Bb5 Qe6 12. Rde1 Qf7 13. Bxc6 Nxc6 14. Kb1
Rhe8 15. Ka1 Be6 16. Nh4 g5 17. Nhf3 h6 18. g3 f5 19. Ne5 Bxe5 20. dxe5 d4 21.
Qc2 dxe3 22. Rxe3 Rd5 23. c4 Rxe5 24. Rxe5 Nxe5 25. b3 Nc6 26. Re1 Bd7 27. Rxe8+
Qxe8 28. Qc1 Qe5+ 29. Kb1 f4 30. gxf4 Bf5+ 31. Qc2 Bxc2+ 32. Kxc2 Qxf4 33. f3
Qxh2 34. Kd3 Qf4 35. a4 Qd4+ 36. Kc2 Nb4+ 37. Kd1 h5 38. Ke2 Qd3+ 39. Ke1 h4 40.
Ne4 Nc2+ 41. Kf2 Qe3+ 42. Kg2 Ne1+ 43. Kf1 Nxf3 44. Nf2 Nd2+ 45. Kg2 Qg3+ 46.
Kh1 Nf3 47. Ng4 Qh3+ 48. Nh2 Qxh2# {White checkmated} 0-1

[Event "Team 45 45 League T36"]
[Site "Internet Chess Club"]
[Date "2008.02.15"]
[Round "4"]
[White "sean98"]
[Black "avila"]
[Result "0-1"]
[WhiteElo "1592"]
[BlackElo "1625"]
[Opening "Sicilian: dragon, Yugoslav attack, Rauser variation"]
[ECO "B76"]
[Time "16:02:21"]
[TimeControl "2700+45"]

1. e4 c5 2. Nf3 d6 3. d4 cxd4 4. Nxd4 Nf6 5. Nc3 g6 6. Be3 Bg7 7. f3 Nc6 8. Qd2
O-O 9. O-O-O Re8 10. h4 h5 11. Bc4 Bd7 12. Nxc6 bxc6 13. Bb3 a5 14. a3 Qc7 15.
Rhg1 Reb8 16. g4 Qb7 17. gxh5 a4 18. Rxg6 axb3 19. Rxg7+ Kxg7 20. Bh6+ Kh8 21.
Bg5 Kh7 22. Qd3 Qa6 23. Qe3 Qb6 24. Qd3 Kh8 25. Be3 Qa6 26. Qd2 Qxa3 27. bxa3
b2+ 28. Kb1 Rxa3 29. Na2 Be6 30. c4 Bxc4 31. Qxb2 Rxb2+ 32. Kxb2 Rxa2+ 33. Kb1
Ra3 34. Bd4 Rxf3 35. e5 dxe5 36. Bxe5 Bd3+ 37. Kb2 Kh7 38. Ra1 Rf5 39. Bc3 Rxh5
40. Ra7 Nd5 41. Bd4 Rxh4 42. Bc5 Rh2+ 43. Kb3 Re2 44. Ra8 Bb5 45. Rf8 Kg7 46.
Ra8 f5 47. Bd4+ Kf7 48. Rh8 f4 49. Rh7+ Ke6 50. Rh6+ Kd7 51. Rh7 Rd2 52. Bc5 f3
53. Rf7 Ke6 54. Rxf3 Rd3+ 55. Rxd3 Bxd3 56. Ka4 Bb5+ 57. Kb3 Kf5 58. Kc2 e5 59.
Kd2 e4 60. Bf2 Kf4 61. Bh4 e3+ 62. Ke1 Kf3 63. Bd8 e2 64. Ba5 c5 65. Bd2 c4 66.
Bc1 Nb4 67. Be3 Nc2+ 68. Kd2 e1=Q+ 69. Kxc2 Qxe3 {White resigns} 0-1

[Event "Team 45 45 League T36"]
[Site "Internet Chess Club"]
[Date "2008.02.13"]
[Round "4"]
[White "natethegreat"]
[Black "oldsj"]
[Result "1-0"]
[WhiteElo "1600"]
[BlackElo "1515"]
[Opening "Two knights defense"]
[ECO "C55"]
[Time "20:00:13"]
[TimeControl "2700+45"]

1. e4 e5 2. Nf3 Nc6 3. Bc4 Nf6 4. d4 exd4 5. O-O Bb4 6. Nxd4 Ne5 7. Bb3 O-O 8.
f4 Nc6 9. Nxc6 bxc6 10. e5 Ne4 11. Qf3 Nc5 12. Bc4 d5 13. exd6 Qxd6 14. c3 Ba5
15. Rd1 Qf6 16. Be3 Bb6 17. Nd2 Bb7 18. Kh1 Rad8 19. Bxc5 Bxc5 20. Bd3 Bb6 21.
Ne4 Qe7 22. Ng5 g6 23. Re1 Qd7 24. Rad1 Qc8 25. Bc4 c5 26. Rxd8 Rxd8 27. Bxf7+
Kh8 28. Qe2 Qa8 29. Qe5# {Black checkmated} 1-0

[Event "Team 45 45 League T36"]
[Site "Internet Chess Club"]
[Date "2008.02.13"]
[Round "4"]
[White "morgado"]
[Black "Ser-Enigma"]
[Result "0-1"]
[WhiteElo "2039"]
[BlackElo "2068"]
[Opening "Queen's pawn game"]
[ECO "D00"]
[Time "17:46:23"]
[TimeControl "2700+45"]

1. d4 d5 2. e3 Nf6 3. f4 Bg4 4. Nf3 h5 5. Bd3 h4 6. h3 Bxf3 7. Qxf3 g6 8. O-O e6
9. Nd2 Nc6 10. c3 Qd7 11. Qd1 Nh5 12. Nf3 Ng3 13. Re1 Ne4 14. Bb5 f6 15. Bd3
O-O-O 16. Nd2 f5 17. c4 Bb4 18. a3 Bxd2 19. Bxd2 Nxd2 20. Qxd2 Ne7 21. c5 c6 22.
b4 g5 23. a4 g4 24. b5 gxh3 25. gxh3 Rdg8+ 26. Kh2 Rg3 27. Rg1 Rhg8 28. bxc6
Nxc6 29. Rxg3 Rxg3 30. a5 a6 31. Rb1 Qg7 32. Qe2 Rxh3+ {White resigns} 0-1

[Event "Team 45 45 League T36"]
[Site "Internet Chess Club"]
[Date "2008.02.18"]
[Round "4"]
[White "DeLaSalle"]
[Black "tourettes"]
[Result "1-0"]
[WhiteElo "2067"]
[BlackElo "1720"]
[Opening "Trompowsky attack (Ruth, Opocenský opening)"]
[ECO "A45"]
[Time "14:01:19"]
[TimeControl "2700+45"]

1. d4 Nf6 2. Bg5 e6 3. e4 h6 4. Bxf6 Qxf6 5. c3 b6 6. g3 Bb7 7. Bg2 Qg6 8. Nd2
Be7 9. Nh3 O-O 10. O-O d5 11. Nf4 Qh7 12. exd5 g5 13. dxe6 Bxg2 14. exf7+ Qxf7
15. Nxg2 Nd7 16. Qb3 c5 17. Qxf7+ Rxf7 18. f4 cxd4 19. cxd4 Bb4 20. Nb3 Re7 21.
a3 Bd6 22. fxg5 hxg5 23. Rae1 Rae8 24. Rxe7 Rxe7 25. Re1 Rf7 26. Re6 Be7 27. Ne3
Nf6 28. Nf5 Bf8 29. Nd6 Bxd6 30. Rxd6 Kg7 31. Nd2 g4 32. b4 {Black resigns} 1-0

[Event "Team 45 45 League T36"]
[Site "Internet Chess Club"]
[Date "2008.02.17"]
[Round "4"]
[White "crankn8tr"]
[Black "charles-allen"]
[Result "0-1"]
[WhiteElo "1696"]
[BlackElo "1822"]
[Opening "Scandinavian defense"]
[ECO "B01"]
[Time "20:59:08"]
[TimeControl "2700+45"]

1. e4 d5 2. exd5 Nf6 3. Be2 Nxd5 4. d4 Bf5 5. Bd3 Qd7 6. Nf3 Nc6 7. O-O Ndb4 8.
Bxf5 Qxf5 9. Na3 O-O-O 10. Be3 e5 11. Qe2 exd4 12. Nxd4 Nxd4 13. Bxd4 Nc6 14.
Be3 Bxa3 15. bxa3 Rhe8 16. Rfd1 Nd4 17. Qc4 Qxc2 18. Qxc2 Nxc2 19. Rxd8+ Rxd8
20. Rc1 Nxe3 21. fxe3 Rd3 22. Kf2 Rxa3 23. Rc2 c6 24. Kf3 Ra4 25. g4 Kc7 26. h4
h6 27. e4 b6 28. Kf4 g6 29. Rd2 g5+ 30. hxg5 hxg5+ 31. Kf5 c5 32. e5 Rd4 33. Rf2
Rf4+ 34. Rxf4 gxf4 35. Kxf4 Kd7 36. Kf5 c4 37. Kf6 Ke8 38. e6 fxe6 39. g5 Kf8
{White resigns} 0-1

[Event "Team 45 45 League T36"]
[Site "Internet Chess Club"]
[Date "2008.02.13"]
[Round "4"]
[White "PandorasBox"]
[Black "chsrules88"]
[Result "1-0"]
[WhiteElo "2004"]
[BlackElo "2024"]
[Opening "Queen's bishop game"]
[ECO "D02"]
[Time "18:14:18"]
[TimeControl "2700+45"]

1. d4 d5 2. Nf3 Nf6 3. Bf4 Bf5 4. e3 e6 5. Bd3 Bg6 6. Nc3 Bb4 7. O-O Bxc3 8.
bxc3 Nbd7 9. Rb1 Rb8 10. Ne5 Nh5 11. Bb5 Nf6 12. Bg5 c6 13. Bd3 Qc7 14. Bf4 Nxe5
15. Bxe5 Qd8 16. Bxb8 Qxb8 17. Qe2 Bh5 18. f3 O-O 19. Qf2 Qc7 20. e4 Bg6 21. e5
Nd7 22. f4 Nb6 23. f5 exf5 24. Bxf5 Bxf5 25. Qxf5 Re8 26. Rbe1 Re6 27. Rf3 Nc4
28. Qf4 Qd7 29. Ref1 Re7 30. Rg3 Qe8 31. Rxg7+ Kxg7 32. Qf6+ Kg8 33. Rf3 Re6 34.
Rg3+ Kf8 35. Qh8+ Ke7 36. Rg8 Qd7 37. Rb8 Rg6 38. Qf8+ Ke6 39. Re8+ Kf5 40. Re7
{Black resigns} 1-0

[Event "Team 45 45 League T36"]
[Site "Internet Chess Club"]
[Date "2008.02.14"]
[Round "4"]
[White "SuperPeon"]
[Black "Despair"]
[Result "0-1"]
[WhiteElo "2004"]
[BlackElo "1947"]
[Opening "Owen defense"]
[ECO "B00"]
[Time "19:00:14"]
[TimeControl "2700+45"]

1. e4 b6 2. d4 g6 3. Nc3 Bg7 4. Be3 Bb7 5. Be2 d6 6. h4 Nf6 7. f3 Nbd7 8. Qd2 c5
9. O-O-O cxd4 10. Bxd4 O-O 11. h5 gxh5 12. Kb1 Rc8 13. Be3 Ne5 14. Bh6 Bxh6 15.
Qxh6 Kh8 16. f4 Neg4 17. Bxg4 Nxg4 18. Qxh5 Nf6 19. Qh3 Qd7 20. f5 Rxc3 21. Qxc3
Rc8 22. Qd4 Bxe4 23. Rd2 Qxf5 24. Nf3 Rxc2 25. Rxc2 Bxc2+ 26. Ka1 Be4 27. Rc1
Bxf3 28. gxf3 Qxf3 29. Rc8+ Kg7 30. Rc1 Qh3 31. Rg1+ Kf8 32. a3 Qb3 33. Qh4 Qe3
34. Rf1 a5 35. Qc4 d5 36. Qb5 Qc5 37. Qe2 Qc4 38. Qg2 Ng4 39. Qh3 h6 40. Rg1 f5
41. Qh5 Qf4 42. Qg6 b5 43. Qa6 Qc4 44. Qe6 Qe4 45. Qa6 d4 46. Qxa5 Qd5 47. Qd2
e5 48. Rc1 Kf7 49. Qa5 Kg6 50. a4 d3 51. Qb6+ Kg5 52. a5 d2 53. Rd1 Kf4 54. a6
Qc4 55. Kb1 Qe4+ {White resigns} 0-1

[Event "Team 45 45 League T36"]
[Site "Internet Chess Club"]
[Date "2008.02.17"]
[Round "4"]
[White "jazzpiano"]
[Black "Atwode"]
[Result "0-1"]
[WhiteElo "1830"]
[BlackElo "2023"]
[Opening "Pirc: classical (two knights) system"]
[ECO "B08"]
[Time "18:00:40"]
[TimeControl "2700+45"]

1. e4 d6 2. d4 g6 3. Nf3 Nf6 4. Nc3 Bg7 5. Bd3 O-O 6. Be3 c6 7. Qe2 Qc7 8. h3
Nbd7 9. Qd2 b5 10. Bh6 e5 11. Bxg7 Kxg7 12. dxe5 dxe5 13. O-O Nc5 14. Qe3 Ne6
15. Ne2 Bb7 16. Ng5 Nxg5 17. Qxg5 h6 18. Qe3 a6 19. Ng3 c5 20. Rad1 Rfd8 21. Be2
c4 22. Rxd8 Rxd8 23. Rd1 Rxd1+ 24. Bxd1 Qc6 25. f3 Nd7 26. Be2 Qc5 27. Qxc5 Nxc5
28. b3 c3 29. Kf2 b4 30. Bd1 Kf6 31. Ke3 Ke6 32. Be2 f5 33. Bc4+ Kf6 34. exf5
gxf5 35. Ne2 f4+ 36. Kf2 Kg5 37. g3 fxg3+ 38. Kxg3 a5 39. Kf2 Bc8 40. Ng1 Bf5
41. Ke1 Bxc2 42. Ne2 Kh4 43. Ng1 Bb1 44. Kd1 Bxa2 45. Kc2 a4 46. Bf7 Bxb3+ 47.
Bxb3 axb3+ 48. Kc1 Nd3+ {White resigns} 0-1

[Event "Team 45 45 League T36"]
[Site "Internet Chess Club"]
[Date "2008.02.16"]
[Round "4"]
[White "netshooter"]
[Black "Mater"]
[Result "1-0"]
[WhiteElo "1852"]
[BlackElo "1701"]
[Opening "Sicilian: closed, 6.f4"]
[ECO "B25"]
[Time "13:07:49"]
[TimeControl "2700+45"]

1. e4 c5 2. Nc3 Nc6 3. g3 d6 4. Bg2 g6 5. d3 Bg7 6. f4 Nf6 7. Nf3 Qc7 8. h3 a6
9. Be3 b5 10. O-O Bb7 11. a4 b4 12. Ne2 O-O 13. g4 Nd7 14. c3 e6 15. Qd2 Na5 16.
Qe1 d5 17. cxb4 dxe4 18. dxe4 cxb4 19. Qxb4 Rab8 20. Ba7 Ra8 21. Rac1 Bc6 22.
Bd4 Rab8 23. Qc3 Bxd4+ 24. Nfxd4 Rb3 25. Nxb3 Nxb3 26. Qxb3 Rb8 27. Qc3 Qb6+ 28.
Kh1 Bxa4 29. f5 exf5 30. exf5 Bb5 31. fxg6 hxg6 32. Qf3 Ne5 33. Qe4 Nd3 34. Qd5
Nf2+ 35. Kh2 Bxe2 36. Rc6 Rd8 37. Rxb6 Nxg4+ 38. hxg4 Rxd5 39. Bxd5 Bxf1 40.
Rxg6+ Kf8 41. Rf6 Be2 42. Rxf7+ Ke8 43. g5 Bh5 44. Ra7 Be2 45. g6 {Black
resigns} 1-0

[Event "Team 45 45 League T36"]
[Site "Internet Chess Club"]
[Date "2008.02.19"]
[Round "4"]
[White "slakkjaw"]
[Black "Visin"]
[Result "1-0"]
[WhiteElo "1377"]
[BlackElo "1186"]
[Opening "Ruy Lopez: exchange variation, 5.O-O"]
[ECO "C68"]
[Time "23:38:34"]
[TimeControl "2700+45"]

1. e4 e5 2. Nf3 Nc6 3. Bb5 a6 4. Bxc6 dxc6 5. O-O Bd6 6. d3 h6 7. Be3 Nf6 8.
Nbd2 Qe7 9. Re1 b5 10. c4 Ng4 11. Nb3 Nxe3 12. Rxe3 O-O 13. Rc1 Bb7 14. c5 a5
15. cxd6 cxd6 16. Qe1 a4 17. Na5 Qc7 18. Nxb7 Qxb7 19. a3 Rfc8 20. Nh4 g6 21.
Qd2 Qe7 22. Rh3 h5 23. Qh6 d5 24. Nxg6 fxg6 25. Qxg6+ Qg7 26. Qe6+ Kf8 27. Rf3+
{Black resigns} 1-0

[Event "Team 45 45 League T36"]
[Site "Internet Chess Club"]
[Date "2008.02.17"]
[Round "4"]
[White "Dalcon"]
[Black "Renato77"]
[Result "0-1"]
[WhiteElo "1241"]
[BlackElo "1182"]
[Opening "Two knights defense (Modern bishop's opening)"]
[ECO "C55"]
[Time "15:05:42"]
[TimeControl "2700+45"]

1. e4 e5 2. Nf3 Nc6 3. Bc4 Nf6 4. d3 d5 5. exd5 Nxd5 6. O-O Bg4 7. Bxd5 Qxd5 8.
Nc3 Qe6 9. Nb5 Bd6 10. Re1 O-O-O 11. Nxd6+ Rxd6 12. c3 Qg6 13. Re3 e4 14. d4
Bxf3 {White resigns} 0-1

[Event "Team 45 45 League T36"]
[Site "Internet Chess Club"]
[Date "2008.02.13"]
[Round "4"]
[White "jocooper"]
[Black "rpgrossman"]
[Result "1-0"]
[WhiteElo "1198"]
[BlackElo "1155"]
[Opening "King's Indian, 3.Nf3"]
[ECO "E60"]
[Time "22:27:26"]
[TimeControl "2700+45"]

1. d4 Nf6 2. Nf3 g6 3. c4 c6 4. Nc3 Bg7 5. e4 Qa5 6. Bd2 Qd8 7. Be2 O-O 8. O-O
d6 9. d5 c5 10. Ng5 Qd7 11. h3 h6 12. Nf3 e6 13. Qc2 e5 14. Rab1 b6 15. b4 Na6
16. a3 Nc7 17. Bd3 Ba6 18. b5 Bb7 19. a4 a5 20. bxa6 Nxa6 21. Nb5 Nc7 22. Nxc7
Qxc7 23. Rb5 Ba6 24. Rb2 Bc8 25. Rfb1 Nd7 26. a5 bxa5 27. Ra2 Ra6 28. Bc3 a4 29.
Rxa4 Rb6 30. Ba5 Rxb1+ 31. Qxb1 Qb7 32. Qxb7 Bxb7 33. Bc7 Ra8 34. Rxa8+ Bxa8 35.
Bxd6 Kh7 36. Bc2 Nb6 37. Nxe5 Bxe5 38. Bxe5 Nxc4 39. Bc7 Kg8 40. d6 Ne5 41. f4
Nd7 42. Ba4 Nf8 43. d7 Nxd7 44. Bxd7 Bxe4 45. Bb5 Bd5 46. Be5 c4 47. Bc3 Kf8 48.
Kf2 Ke7 49. Ke3 Bxg2 50. Bb4+ Kf6 51. h4 g5 52. h5 gxf4+ 53. Kxf4 Bd5 54. Bc3+
Ke7 55. Kf5 Be6+ 56. Kf4 Bd5 57. Ke3 Kd6 58. Kd4 Ke6 59. Ke3 Kf5 60. Be8 Kg5 61.
Kf2 Kxh5 62. Kg3 Kg5 63. Bd2+ Kg6 64. Kh4 h5 65. Bc3 Kh6 66. Ba4 f5 67. Bd1 Kg6
68. Bxh5+ Kh6 69. Be2 Kg6 70. Bh5+ Kh6 71. Bd2+ Kg7 72. Kg5 Bf7 73. Bc3+ Kf8 74.
Be2 Be6 75. Kf6 Bd7 76. Bxc4 f4 77. Bd5 Bg4 78. Kg5 f3 79. Kxg4 f2 80. Bg2 f1=Q
81. Bxf1 Ke7 82. Kf4 Kd6 83. Ke4 Kc5 84. Ke5 Kc6 85. Bb4 Kb6 86. Bc4 Kc6 87. Ke6
{Black resigns} 1-0

[Event "Team 45 45 League T36"]
[Site "Internet Chess Club"]
[Date "2008.02.15"]
[Round "4"]
[White "beerss"]
[Black "uipawn"]
[Result "1-0"]
[WhiteElo "1503"]
[BlackElo "1344"]
[Opening "French defense"]
[ECO "C00"]
[Time "20:08:18"]
[TimeControl "2700+45"]

1. e4 e6 2. Nf3 Nc6 3. Bb5 Bd6 4. Bxc6 bxc6 5. O-O e5 6. d3 c5 7. Nc3 Nf6 8. Nb5
Be7 9. Nxe5 c6 10. Nc3 Bd6 11. Nf3 Be7 12. Re1 O-O 13. Bf4 d6 14. Ne2 Bg4 15.
Ng3 Nd7 16. Qd2 Bxf3 17. gxf3 Ne5 18. Bxe5 dxe5 19. Qc3 Qc7 20. Nf5 Bd6 21. Kg2
Qd8 22. Rg1 g6 23. Nxd6 Qxd6 24. Kf1 Qd4 25. Qxd4 cxd4 26. Rg5 Rfe8 27. Rc1 Rac8
28. c3 f6 29. Rg1 c5 30. Ke2 Kf7 31. cxd4 cxd4 32. Rxc8 Rxc8 33. Kd2 Ke6 34. Rc1
Rxc1 35. Kxc1 Kd6 36. Kc2 Kc5 37. Kb3 a5 38. Ka4 Kb6 39. a3 Ka6 40. b4 axb4 41.
Kxb4 Kb6 42. a4 Ka6 43. h3 Kb6 44. f4 exf4 45. Kc4 Ka5 46. Kxd4 Kxa4 47. Kc5 Kb3
48. d4 Kc3 49. d5 Kd3 50. d6 Ke2 51. d7 Kxf2 52. d8=Q Kg3 53. Qxf6 f3 54. Qc3
Kg2 55. e5 f2 56. Qd2 Kg1 57. Qxf2+ Kxf2 58. e6 Kg3 59. e7 Kxh3 60. e8=Q g5 61.
Qh5+ Kg3 62. Qxg5+ {Black resigns} 1-0